 Dungeon Crawl Stone Soup version 0.26-a0-597-gb535b0901c (webtiles) character file.

Game seed: 3903214858947433449

13437 Ge0ff the Covert (level 12, -30/71 HPs)
             Began as a Kobold Delver on Sept 2, 2020.
             Was an Initiate of Gozag.
             Engulfed by a cloud of flame (35 damage)
             ... in an ice cave.
             The game lasted 00:38:21 (18333 turns).

Ge0ff the Covert (Kobold Delver)                   Turns: 18333, Time: 00:38:22

Health: -30/71     AC:  4    Str:  7    XL:     12   Next: 32%
Magic:  12/12      EV: 20    Int: 17    God:    Gozag
Gold:   2324       SH:  8    Dex: 27    Spells: 11/11 levels left

rFire    . . .     SeeInvis .   a - +9 rapier of the Witching Oracle {elec, rN+ Str-3 Int+6 Dex+6}
rCold    + . .     Faith    .   P - +0 buckler
rNeg     + . .     Spirit   .   Z - +0 leather armour
rPois    +         Reflect  .   (no helmet)
rElec    .         Harm     .   (no cloak)
rCorr    .                      (no gloves)
MR       .....                  Y - +0 pair of boots
Stlth    +++++++...             A - amulet of the acrobat
HPRegen  0.21/turn              R - ring of protection from cold {=R}
MPRegen  0.13/turn              L - ring of poison resistance

@: mighty, gold aura, berserk cooldown, stab, very slightly contaminated,
slowed, very slow
A: small, nightstalker 3
a: Potion Petition, Call Merchant, Bribe Branch, Renounce Religion


You were in an ice cave.
You worshipped Gozag.
Gozag was most pleased with you.
You visited 2 branches of the dungeon, and saw 12 of its levels.
You also visited: Ice Cave.

You collected 2748 gold pieces.
You spent 383 gold pieces at shops.
You paid 41 gold pieces to Gozag.

Inventory:

Hand Weapons
 a - the +9 rapier of the Witching Oracle (weapon) {elec, rN+ Str-3 Int+6 Dex+6}
   (You bought it in a shop on level 11 of the Dungeon)

   Occasionally, upon striking a foe, it will discharge some electrical energy
   and cause terrible harm.
   It affects your strength (-3).
   It affects your intelligence (+6).
   It affects your dexterity (+6).
   It protects you from negative energy.
 b - the +3 short sword "Fusono" {flame, rElec Str+5 Int+3}
   (You found it on level 5 of the Dungeon)

   It has been specially enchanted to burn those struck by it, causing extra
   injury to most foes and up to half again as much damage against particularly
   susceptible opponents.
   It affects your strength (+5).
   It affects your intelligence (+3).
   It insulates you from electricity.
 h - a +1 rapier
Missiles
 v - 5 curare-tipped darts {=f}
 S - 25 poisoned darts
 V - a boomerang (quivered)
Armour
 z - a +1 robe of magic resistance
 D - a +1 plate armour of cold resistance
 K - a cursed +0 kite shield
 P - a +0 buckler (worn)
 Y - a +0 pair of boots (worn)
 Z - a +0 leather armour (worn)
Jewellery
 A - an amulet of the acrobat (around neck)
 G - an uncursed ring of positive energy
 J - an uncursed ring of flight
 L - a ring of poison resistance (right hand)
 O - an uncursed ring of wizardry
 R - a ring of protection from cold (left hand) {=R}
Wands
 d - a wand of digging (2)
 f - a wand of flame (20)
 k - a wand of iceblast (18)
 p - a wand of paralysis (1)
Scrolls
 i - a scroll of identify
 B - 4 scrolls of blinking
 E - 2 scrolls of fear
 F - 4 scrolls of fog
 Q - a scroll of enchant armour
 T - 7 scrolls of teleportation
Potions
 o - a potion of ambrosia
 q - 3 potions of curing
 C - a potion of mutation
 H - a potion of haste {!q}
 M - 3 potions of might
 N - a potion of cancellation {!q}
 W - 5 potions of heal wounds {!q}
 X - 2 potions of flight


   Skills:
 + Level 6.5 Fighting
 * Level 13.5 Short Blades
 + Level 5.3 Throwing
 - Level 2.0 Armour
 + Level 6.6 Dodging
 + Level 14.5 Stealth
 - Level 5.6 Shields
 + Level 5.9 Evocations


You had 11 spell levels left.
You didn't know any spells.
Your spell library contained the following spells:

 Spells                   Type           Power        Failure   Level
 Foxfire                  Conj/Fire      #...         34%         1
 Conjure Flame            Conj/Fire      #.......     71%         3
 Inner Flame              Hex/Fire       #.......     71%         3
 Sticky Flame             Conj/Fire      #.......     98%         4
 Fireball                 Conj/Fire      #.........   100%        5


Dungeon Overview and Level Annotations

Branches:
Dungeon (11/15)            Temple (1/1) D:6            Lair (0/6) D:8
    Orc (0/2) D:10          IceCv (1/1)

Altars:
Ashenzari
Cheibriados
Dithmenos
Elyvilon
Fedhas
Gozag
Hepliaklqana
Kikubaaqudgha
Makhleb
Nemelex Xobeh
Okawaru
Qazlal
Ru
Sif Muna
Trog
Uskayaw
Vehumet
Wu Jian
Xom
Yredelemnul
Zin
The Shining One

Shops:
D:6 !   D:10 (   D:11 (

Annotations:
D:5 tilp's ghost, novice SpEn


Innate Abilities, Weirdness & Mutations

You are small and have problems with some larger weapons.
You are completely attuned to the shadows.


Message History

The draconian simulacrum vapourises!
The fiery explosion engulfs the ogre simulacrum!!!
The ogre simulacrum melts!
The ogre simulacrum vapourises!
You hear a sizzling sound!
You feel a bit more experienced. x2
The fiery explosion engulfs the draconian simulacrum!!!
The draconian simulacrum melts!
The draconian simulacrum explodes!
The fiery explosion engulfs the centaur simulacrum!!
The centaur simulacrum melts!
The centaur simulacrum explodes!
The fiery explosion engulfs you!!!
Ouch! That really hurt!
* * * LOW HITPOINT WARNING * * *
The iceblast engulfs you! You partially resist.
* * * LOW HITPOINT WARNING * * *
You are engulfed in blazing flames.
You die...
Your body crumbles into a pile of gold.

##...8...8###
####....######
.##...###
..##....#
#..###..#
##.....## #+####
##...## .Z$§○##
####### ..§§§○##
.# Z=Z$#§@## .#
..##::##$.$# ##
...####...$#
.........### ###
#........#
###.## #......##
#....#####....##
..##...#.##...#
######.......##


There were no monsters in sight!

Vanquished Creatures
  A two-headed ogre (D:10)
  A necromancer (IceCv)
  Pikel (D:5)
  An ice statue (IceCv)
  A kobold demonologist (D:10)
  9 freezing wraiths (IceCv)
  A troll (D:10)
  A wolf spider simulacrum (IceCv)
  5 hippogriffs
  5 yaks (D:10)
  A human (D:5)
  2 wargs (D:8)
  Purgy (D:4)
  A necrophage (D:10)
  4 orc warriors
  3 sky beasts
  3 black bears
  An alligator simulacrum (IceCv)
  9 ice beasts
  5 phantoms
  A centaur (D:8)
  5 ogres
  A gnoll sergeant (D:7)
  10 bullfrogs
  A wyvern skeleton (D:7)
  4 scorpions
  An elephant simulacrum (IceCv)
  9 wights
  5 draconian simulacra (IceCv)
  A bullfrog zombie (D:5)
  2 centaur zombies
  2 jellies
  7 orc priests
  6 hounds
  11 orc wizards
  2 centaur skeletons
  2 human skeletons (D:5)
  3 iguanas
  7 worker ants
  A wolf simulacrum (IceCv)
  3 troll simulacra (IceCv)
  4 centaur simulacra (IceCv)
  A worker ant zombie (D:5)
  A howler monkey skeleton (D:6)
  5 gnolls
  5 ogre simulacra (IceCv)
  10 adders
  3 naga simulacra (IceCv)
  28 white imps
  3 ufetubi
  2 oozes
  An adder zombie (D:8)
  An adder skeleton (D:8)
  2 worms (D:2)
  2 dart slugs (D:1)
  8 leopard geckos
  50 orcs
  3 ball pythons
  14 bats
  7 giant cockroaches
  3 goblins
  2 hobgoblins
  8 jackals
  9 kobolds
  3 quokkas
  4 frilled lizards
  A jackal skeleton (D:4)
  2 kobold skeletons (D:5)
  A leopard gecko skeleton (D:5)
  6 rats
329 creatures vanquished.

Vanquished Creatures (others)
  An ogre (D:6)
  A hound (D:6)
  An orc wizard (D:5)
  A worker ant (D:6)
  A giant cockroach (D:6)
  5 plants
10 creatures vanquished.

Grand Total: 339 creatures vanquished

Notes
Turn   | Place    | Note
-------+----------+-------------------------------------------
     0 | D:5      | Ge0ff the Kobold Delver began the quest for the Orb.
     0 | D:5      | Reached XP level 1. HP: 14/14 MP: 1/1
    55 | D:6      | Noticed an iguana
    55 | D:6      | Noticed a bullfrog
    58 | D:6      | Killed an iguana
    58 | D:6      | Reached skill level 7 in Stealth
    58 | D:6      | Reached XP level 2. HP: 19/19 MP: 2/2
    58 | D:6      | Reached XP level 3. HP: 23/23 MP: 3/3
    62 | D:6      | Killed a bullfrog
    62 | D:6      | Reached XP level 4. HP: 28/28 MP: 4/4
    73 | D:6      | Noticed a phantom
   143 | D:5      | Noticed a human
   144 | D:5      | Found a runed translucent door.
   149 | D:5      | Found a basalt altar of Yredelemnul.
   157 | D:5      | Reached skill level 8 in Stealth
   157 | D:5      | Reached XP level 5. HP: 26/32 MP: 5/5
   214 | D:5      | Noticed an ogre
   215 | D:5      | Reached skill level 5 in Short Blades
   250 | D:5      | Killed an ogre
   250 | D:5      | Reached skill level 1 in Shields
   250 | D:5      | Reached XP level 6. HP: 37/37 MP: 6/6
   358 | D:5      | Killed a human
   358 | D:5      | Reached skill level 9 in Stealth
   606 | D:5      | Noticed an ogre
   667 | D:6      | Killed an ogre
   773 | D:5      | Reached XP level 7. HP: 34/41 MP: 7/7
  1322 | D:4      | Found an ornate altar of the Wu Jian Council.
  1325 | D:4      | Found a sacrificial altar of Ru.
  1328 | D:4      | Found a shattered altar of Ashenzari.
  1467 | D:4      | Noticed Purgy
  1471 | D:4      | Killed Purgy
  1497 | D:4      | Reached skill level 10 in Stealth
  1830 | D:5      | Noticed Pikel
  1855 | D:5      | Killed Pikel
  1855 | D:5      | Reached XP level 8. HP: 27/46 MP: 8/8
  2186 | D:5      | Reached skill level 11 in Stealth
  2861 | D:6      | Reached XP level 9. HP: 44/51 MP: 9/9
  2862 | D:6      | Found a shimmering altar of Xom.
  3371 | D:6      | Found a staircase to the Ecumenical Temple.
  3382 | Temple   | Entered the Ecumenical Temple
  3405 | Temple   | Became a worshipper of Gozag Ym Sagoz the Greedy
  3528 | D:6      | Reached skill level 12 in Stealth
  3588 | D:6      | Reached skill level 10 in Short Blades
  4103 | D:6      | Found Wegimp's Distillery.
  4108 | D:6      | Bought a potion of heal wounds for 50 gold pieces
  4274 | D:5      | Got a dazzling short sword
  4275 | D:5      | Identified the cursed +3 short sword "Fusono" {flame, rElec
                  | Str+5 Int+3} (You found it on level 5 of the Dungeon)
  6545 | D:2      | Reached skill level 1 in Evocations
  6745 | D:2      | Reached skill level 1 in Armour
  8643 | D:7      | Noticed a hippogriff
  8698 | D:7      | Noticed a hippogriff
  8702 | D:7      | Killed a hippogriff
  8702 | D:7      | Reached skill level 1 in Throwing
  8702 | D:7      | Reached XP level 10. HP: 56/56 MP: 10/10
  8764 | D:7      | Found a blossoming altar of Fedhas.
  8768 | D:7      | Found a shimmering blue altar of Sif Muna.
  9057 | D:7      | Found a hide-covered altar of Uskayaw.
  9810 | D:7      | Reached skill level 13 in Stealth
 11008 | D:7      | Found a white marble altar of Elyvilon.
 11122 | D:8      | Found a large runed translucent door.
 11123 | D:8      | Found a large runed translucent door.
 11129 | D:8      | Noticed tilp's ghost (novice SpEn)
 11182 | D:5      | You fall into a shaft and drop 2 floors!
 13136 | D:8      | Found a staircase to the Lair.
 13943 | D:9      | Reached XP level 11. HP: 62/62 MP: 11/11
 14171 | D:10     | Entered Level 10 of the Dungeon
 14184 | D:10     | Noticed a two-headed ogre
 14187 | D:10     | Killed a two-headed ogre
 14187 | D:10     | Reached skill level 5 in Fighting
 14187 | D:10     | Reached skill level 5 in Shields
 14638 | D:10     | Reached skill level 5 in Dodging
 14863 | D:10     | Found a staircase to the Orcish Mines.
 15569 | D:10     | Reached skill level 14 in Stealth
 15696 | D:10     | Found an opulent altar of Gozag.
 16175 | D:10     | Found Seereimp's Weapon Shop.
 16316 | D:11     | Found Zitam's Antique Weapon Shop.
 16319 | D:11     | Bought a crude rapier for 333 gold pieces
 16319 | D:11     | Identified the +9 rapier of the Witching Oracle {elec, rN+
                  | Str-3 Int+6 Dex+6} (You bought it in a shop on level 11 of
                  | the Dungeon)
 16414 | D:11     | Found a frozen archway.
 16589 | IceCv    | Entered an ice cave
 16839 | IceCv    | Reached skill level 5 in Evocations
 17070 | IceCv    | Reached XP level 12. HP: 61/70 MP: 12/12
 17718 | IceCv    | Reached skill level 5 in Throwing
 18238 | IceCv    | Found an ancient bone altar of Kikubaaqudgha.
 18333 | IceCv    | Engulfed by a cloud of flame

Illustrated notes

Levels and vault maps discovered:
D:1:      wander_arrival_lonely_grave, layout_loops_cross, serial_forest,
          infiniplex_forest_clump_small, infiniplex_forest_straight_5,
          infiniplex_forest_clump_large, infiniplex_forest_clump_diagonal,
          infiniplex_forest_straight_2
D:2:      layout_loops_corners, st_stairs_11
D:3:      layout_basic
D:4:      layout_basic, grunt_temple_overflow_diamond, uniq_purgy
D:5:      layout_basic, dk_yredelemnul_ordeal, uniq_pikel
D:6:      layout_basic, minmay_temple_entry_grid, serial_shops, shop,
          xom_confusion_cloud
D:7:      layout_basic, nicolae_overflow_crystal_walls,
          gammafunk_temple_overflow_forgotten, kennysheep_generic_room_11
D:8:      layout_basic, erik_lair_orcish_takeover, ebering_ghost_disaster_area,
          minmay_hedge_maze
D:9:      layout_basic
D:10:     layout_basic, hiddenorc2_lemuel, serial_shops,
          nicolae_shop_statue_plus, grunt_gozag_breadcrumbs
D:11:     layout_irregular_city, serial_shops, shop, shop, shop_statue,
          nicolae_shop_window_shopping, nicolae_shop_window_shopping,
          portal_ice_cave_entry_imps
Temple:   nicolae_temple_no_exploring_needed
IceCv:    ice_cave_small_necro

Skill      XL: |  1  2  3  4  5  6  7  8  9 10 11 12 |
---------------+-------------------------------------+-----
Short Blades   | 3 4 5 6 8 9 10 11 13 | 13.5
Stealth        | 7 8 9 10 11 12 13 14 | 14.5
Shields        | 1 2 3 4 5 |  5.6
Evocations     | 1 3 5 |  5.9
Armour         | 1 2 |  2.0
Dodging        | 3 4 6 |  6.6
Throwing       | 1 3 4 5 |  5.3
Fighting       | 4 6 |  6.5

Action                   |  1- 3 |  4- 6 |  7- 9 | 10-12 || total
-------------------------+-------+-------+-------+-------++-------
Melee: Short sword       |     2 |    78 |   420 |   722 ||  1222
       Rapier            |       |       |   199 |   121 ||   320
Throw: Boomerang         |       |       |    18 |   148 ||   166
       Dart              |       |       |     3 |    18 ||    21
Invok: Potion Petition   |       |       |       |     1 ||     1
Evoke: Wand              |       |       |    18 |    10 ||    28
  Use: Potion            |       |     2 |     2 |     8 ||    12
       Scroll            |       |       |    11 |    10 ||    21
 Stab: Sleeping          |     2 |     6 |    65 |    47 ||   120
       Distracted        |       |       |     5 |     4 ||     9
       Paralysed         |       |       |     2 |     4 ||     6
       Confused          |       |       |       |     1 ||     1
       Invisible         |       |       |       |     1 ||     1
Armor: Leather armour    |       |    15 |    46 |    37 ||    98
       Skin              |       |       |    11 |    54 ||    65
Dodge: Dodged            |       |    26 |   192 |   278 ||   496
Block: Buckler           |       |       |    76 |   137 ||   213

Table legend: (Time is in decaauts)
 A = Elapsed time spent in this place.
 B = Non-inter-level travel time spent in this place.
 C = Inter-level travel time spent in this place.
 D = Time resting spent in this place.
 E = Time spent auto-exploring this place.
 F = Levels seen in this place.
 G = Mean time per level.
                   A        B        C        D        E       F      G
               +--------+--------+--------+--------+--------+-----+--------+
         Total |  17777 |  16968 |    809 |   2558 |  10340 |  13 | 1367.5 |
       Dungeon |  16020 |  15219 |    801 |   2100 |   9503 |  11 | 1456.4 |
        Temple |     40 |     32 |      8 |      0 |     26 |   1 |   40.0 |
      Ice Cave |   1717 |   1717 |      0 |    458 |    811 |   1 | 1717.0 |
               +--------+--------+--------+--------+--------+-----+--------+

Top non-repeatable levels by time:
     D:5: 2971 daAuts
     D:7: 2497 daAuts
     D:6: 2211 daAuts
    D:10: 1962 daAuts
     D:8: 1721 daAuts
   IceCv: 1717 daAuts
     D:2: 1111 daAuts
     D:9: 841 daAuts
     D:3: 840 daAuts
     D:4: 835 daAuts
     D:1: 814 daAuts
    D:11: 213 daAuts
  Temple: 40 daAuts
